Map: Blackpink LE

Players

Stats

  • Race: Protoss Protoss
  • Spawn Location: 7:00

souL - Winner!

  • Race: Terran Terran
  • Spawn Location: 1:00

Event: IEM Season 12 - Katowice

VOD

Have the link to the VOD?

Description

Time

  • Played on: Feb. 26, 2018, 7:58 a.m.
  • Length: 4:26

All games in this series

Show
View Real Time Build Order
Export as new Build Order

Stats Protoss 

Build Orders: 1 Gate Expand 

Get SALT Encoding   

  12  0:01  Probe  
  13  0:13  Probe  
  14  0:19  Pylon  
  14  0:25  Probe (Chrono Boost)  
  15  0:37  Probe (Chrono Boost)  
  15  0:40  Gateway  
  16  0:45  Probe (Chrono Boost)  
  16  0:46  Assimilator  
  17  0:51  Probe  
  18  1:03  Probe  
  19  1:15  Probe  
  20  1:23  Nexus  
  20  1:32  Cybernetics Core  
  20  1:35  Probe  
  21  1:40  Assimilator  
  21  1:47  Probe  
  21  1:53  Pylon  
  22  1:59  Probe  
  23  2:08  Stalker (Chrono Boost)  
  23  2:13  Probe  
  26  2:26  Probe (Chrono Boost)  
  27  2:31  Stalker  
  27  2:34  Probe (Chrono Boost)  
  27  2:36  Robotics Facility  
  30  2:39  Probe (Chrono Boost)  
  32  2:44  Probe (Chrono Boost)  
  32  2:45  Probe (Chrono Boost)  
  32  2:49  Probe  
  34  2:53  Probe  
  35  3:01  Probe, Stalker  
  35  3:05  Probe  
  39  3:12  Gateway  
  39  3:14  Probe  
  39  3:17  Probe  
  41  3:20  Gateway  
  41  3:23  Observer  
  41  3:26  Probe  
  43  3:29  Probe  
  44  3:54  Pylon  
  32  4:16  Pylon  
Show
View Real Time Build Order
Export as new Build Order

souL Terran - Winner!

Build Orders: 1/1/1, Cyclone Opening 

Get SALT Encoding   

  12  0:00  SCV  
  13  0:12  SCV  
  14  0:17  Supply Depot  
  14  0:24  SCV  
  15  0:30  Refinery  
  15  0:39  SCV  
  16  0:44  Barracks  
  16  0:51  SCV  
  17  1:03  SCV  
  18  1:15  SCV  
  19  1:32  Orbital Command, Marine  
  20  1:33  Factory  
  20  1:37  Refinery  
  20  1:50  Marine  
  20  1:51  Supply Depot  
  21  1:59  SCV  
  22  2:08  Marine  
  22  2:13  SCV  
  24  2:19  Starport  
  24  2:25  Cyclone, SCV  
  24  2:27  Marine  
  29  2:34  Supply Depot  
  29  2:37  SCV  
  30  2:45  Marine  
  31  2:56  SCV  
  31  2:57  Cyclone  
  35  3:00  Medivac  
  35  3:02  Supply Depot  
  35  3:05  Marine  
  38  3:31  Command Center  
  38  3:33  SCV  
  39  3:38  Viking  
  41  3:45  SCV  
  42  3:48  Bunker  
  42  3:57  SCV  
  42  4:01  Barracks Reactor  
  39  4:09  SCV  

Tags
 
Add a new tag
Caveats
  • Supply blocks, unpowered buildings, or Contaminate may cause inaccurate times.
  • Supply counts are checked every 10 seconds.